 Dungeon Crawl Stone Soup version 0.22-a0-406-g9ff8d77 (webtiles) character file.

169483 tilp the Phalangite (level 17, -10/133 HPs)
             Began as a Merfolk Ice Elementalist on May 4, 2018.
             Was a High Priest of Makhleb.
             Killed from afar by a shock serpent (16 damage)
             ... with a bolt of electricity
             ... on level 2 of the Snake Pit on May 8, 2018.
             The game lasted 02:30:26 (43303 turns).

tilp the Phalangite (Merfolk Ice Elementalist)     Turns: 43303, Time: 02:30:27

Health: -10/133    AC: 12    Str:  9    XL:     17   Next: 97%
Magic:  23/26      EV: 22    Int: 24    God:    Makhleb [*****.]
Gold:   1524       SH:  0    Dex: 17    Spells: 16/28 levels left

rFire    + + +     SeeInvis +   f - +5 bardiche (flame)
rCold    . . .     Gourm    .   (shield currently unavailable)
rNeg     + . .     Faith    .   t - +2 robe {rF+}
rPois    +         Spirit   .   u - +2 helmet
rElec    .         Reflect  .   D - +1 cloak
rCorr    .         Harm     .   a - +1 pair of gloves of the Serpent {rPois Int+4 Dex+2 SInv}
MR       +....                  L - +0 pair of boots "Liafy" {rF+ rN+}
Stlth    +.........             O - amulet of the acrobat
HPRegen  0.32/turn              W - ring of poison resistance
MPRegen  0.20/turn              d - ring of protection from fire

@: confused
A: change form in water, swift swim, stealthy swim
a: Minor Destruction, Lesser Servant of Makhleb, Major Destruction, Greater
Servant of Makhleb, Renounce Religion


You were on level 2 of the Snake Pit.
You worshipped Makhleb.
Makhleb was extremely pleased with you.
You were not hungry.

You visited 6 branches of the dungeon, and saw 26 of its levels.
You also visited: Bailey and Volcano.

You collected 2580 gold pieces.
You spent 1056 gold pieces at shops.

Inventory:

Hand Weapons
 f - a +5 bardiche of flaming (weapon)
 y - a +0 demon trident of flaming
 S - the +7 long sword of Valour {drain, +Blink Dex+3}
   (You found it on level 7 of the Dungeon)

   A truly terrible weapon, it drains the life of those it strikes.
   It affects your dexterity (+3).
   It lets you blink.
Missiles
 z - 34 tomahawks (quivered)
Armour
 a - the +1 pair of gloves of the Serpent (worn) {rPois Int+4 Dex+2 SInv}
   (You acquired it on level 14 of the Dungeon)

   It affects your intelligence (+4).
   It affects your dexterity (+2).
   It protects you from poison.
   It lets you see invisible.
 j - a +2 buckler
 t - a +2 robe of fire resistance (worn)
 u - a +2 helmet (worn)
 D - a +1 cloak (worn)
 L - the +0 pair of boots "Liafy" (worn) {rF+ rN+}
   (You bought it in a shop on level 7 of the Dungeon)

   It protects you from fire.
   It protects you from negative energy.
Jewellery
 d - a ring of protection from fire (right hand)
 l - an uncursed ring of positive energy
 q - an uncursed ring of see invisible {unknown}
 M - an uncursed ring of magical power {unknown}
 O - an amulet of the acrobat (around neck)
 W - a ring of poison resistance (left hand)
Wands
 o - a wand of paralysis (54)
 s - a wand of digging (19)
 G - a wand of disintegration (12)
 K - a wand of acid (13)
Scrolls
 e - a scroll of vulnerability {unknown}
 i - a scroll of random uselessness {unknown}
 m - 17 scrolls of teleportation
 r - 3 scrolls of blinking
 v - 8 scrolls of remove curse
 w - a scroll of noise {unknown}
 H - 6 scrolls of magic mapping
 N - a scroll of fear
 P - a scroll of holy word {unknown}
 Q - 2 scrolls of fog
 T - a scroll of silence {unknown}
 U - a scroll of torment {unknown}
 Y - 4 scrolls of amnesia
Potions
 b - 2 potions of heal wounds
 g - 6 potions of curing
 h - 6 potions of brilliance
 k - 2 potions of ambrosia
 n - 3 potions of magic
 p - 2 potions of flight {unknown}
 x - 2 potions of invisibility {unknown}
 A - 2 potions of agility
 B - a potion of haste
 C - 5 potions of mutation
 E - 2 potions of cancellation
 F - 2 potions of berserk rage
 I - 4 potions of resistance
 J - 2 potions of might
Comestibles
 c - 32 rations
 R - 2 chunks of flesh


   Skills:
 - Level 12.0 Fighting
 + Level 23.4 Polearms
 - Level 12.7 Dodging
 - Level 2.1 Stealth
 - Level 4.0 Shields
 - Level 6.1 Spellcasting
 - Level 3.5 Conjurations
 - Level 5.6 Charms
 - Level 13.7 Ice Magic
 - Level 6.0 Invocations
 - Level 4.2 Evocations


You had 16 spell levels left.
You knew the following spells:

 Your Spells              Type           Power        Failure   Level  Hunger
a - Freeze                Ice            ####         1%          1    None
b - Throw Frost           Conj/Ice       #####.       1%          2    None
c - Ozocubu's Armour      Chrm/Ice       ######..     1%          3    #......
d - Throw Icicle          Conj/Ice       #####...     2%          4    ###....
e - Swiftness             Chrm/Air       ###.....     3%          2    None


Dungeon Overview and Level Annotations

Branches:
Dungeon (15/15)            Temple (1/1) D:5            Lair (5/6) D:9
  Swamp (1/4) Lair:4        Snake (2/4) Lair:2        Slime (0/5) Lair:5
    Orc (2/2) D:9             Elf (0/3) Orc:2        Vaults (0/5) D:13
 Depths (0/5) D:15

Altars:
Ashenzari
Cheibriados
Dithmenos
Elyvilon
Fedhas
Gozag
Hepliaklqana
Kikubaaqudgha
Makhleb
Nemelex Xobeh
Okawaru
Qazlal
Ru
Sif Muna
Trog
Uskayaw
Vehumet
Wu Jian
Xom
Yredelemnul
Zin
The Shining One
Jiyva

Shops:
D:7 [   D:8 [   D:13 %   Orc:2 *:}}   Snake:1 !

Annotations:
Lair:2 exclusion: oklob plant
Lair:5 ice dragon, Nessos
Snake:1 1 transporter, Aizul


Message History

Your icy armour cracks and falls away as you move.
The shock serpent shoots out a bolt of lightning at you!
The bolt of electricity hits you!
* * * LOW HITPOINT WARNING * * *
You feel much better. The salamander closely misses you.
The shock serpent shoots out a bolt of lightning at you!
The bolt of electricity misses you.
You are confused.
You feel invigorated. The shock serpent bites you!
* * * LOW HITPOINT WARNING * * *
The shock serpent shocks you!
* * * LOW HITPOINT WARNING * * *
The salamander hits you from afar with a trident!
* * * LOW HITPOINT WARNING * * *
You are engulfed in flames.
You resist.
* * * LOW HITPOINT WARNING * * *
The naga closely misses you. The naga completely misses you.
The shock serpent shoots out a bolt of lightning at you!
The bolt of electricity hits you!
You die...

#.# #..##.. ..# ##)# #..#
. .N## #))# #.## ...###
##..# ##.# .....
##...####..# ###....
...........#####....###..
..##.......##.....N......
###.............N........
.....###........@S.......
#...## ###........##....#
##.. #..((..)..# ...# #..
#...##............ ##.
...######....... .. ...#
#.###(... . ... #.# #...
#.# #.. .#


You could see a naga warrior, a salamander, a shock serpent and a naga.

Vanquished Creatures
  Azrael (Snake:1)
  Snorg (D:9)
  Josephine (D:15)
  2 naga warriors
  Harold (D:12)
  3 hydras
  3 centaur warriors
  2 anacondas (Snake:1)
  4 two-headed ogres
  A catoblepas (Lair:5)
  An alligator (Lair:4)
  2 shock serpents
  4 naga sharpshooters
  A salamander mystic (Snake:2)
  2 skeletal warriors
  2 unseen horrors
  A flayed ghost (D:15)
  A naga ritualist (Snake:1)
  Pikel (D:5)
  2 wizards
  A wolf spider zombie (D:12)
  A lindwurm (Lair:5)
  An orc knight (Orc:1)
  A necromancer (D:15)
  3 mana vipers
  A deep elf mage (D:12)
  4 cyclopes
  6 salamanders
  12 ugly things
  An orc sorcerer (Orc:2)
  A manticore (D:11)
  3 elephants
  A centaur zombie (D:12)
  A frost giant skeleton (D:15)
  14 black mambas
  2 guardian serpents
  A stone giant skeleton (D:15)
  3 naga magi
  Joseph (D:10)
  A fire giant skeleton (D:15)
  A spriggan skeleton (D:15)
  9 spiny frogs
  2 gargoyles
  3 komodo dragons
  A centaur skeleton (D:10)
  A rime drake (Lair:2)
  5 trolls
  A jumping spider (shapeshifter) (D:13)
  3 hornets
  A bog body (Swamp:1)
  4 blink frogs (Lair:3)
  7 hippogriffs
  3 wraiths (D:15)
  22 yaks
  A shadow (D:15)
  A vampire (D:13)
  A basilisk (Lair:2)
  6 wyverns
  3 fire bats (Volcano)
  3 steam dragons (Volcano)
  2 fire elementals (Snake:1)
  4 hungry ghosts
  Menkaure (D:7)
  14 nagas
  3 swamp worms (Swamp:1)
  4 wargs
  A two-headed ogre zombie (D:9)
  An insubstantial wisp (Swamp:1)
  2 soldier ants (D:7)
  2 acid dragons (D:11)
  2 hell hounds (Snake:1)
  7 water moccasins
  6 porcupines
  39 orc warriors
  2 black bears
  A swamp drake (Swamp:1)
  3 sky beasts
  2 phantoms
  An eye of draining (D:9)
  5 wolves (Lair:5)
  13 centaurs
  14 ogres
  8 crocodiles
  The ghost of Feta the Firebug, an amateur OpFE of Sif Muna (D:3)
  3 big kobolds
  17 bullfrogs
  A water moccasin zombie (D:7)
  3 scorpions
  15 killer bees
  3 wights (D:13)
  A howler monkey (D:6)
  2 electric eels (Lair:1)
  2 bullfrog zombies
  5 crimson imps
  2 bullfrog skeletons
  5 hounds
  2 quasits
  15 orc priests
  4 jellies
  16 orc wizards
  A gnoll shaman (Orc:1)
  Terence (D:2)
  5 iguanas
  12 worker ants
  7 ogre zombies (D:9)
  A hound zombie (D:11)
  3 hound skeletons
  A worker ant zombie (D:7)
  28 gnolls
  17 adders
  2 shadow imps
  A white imp (Lair:5)
  3 oozes
  5 leopard geckos
  100 orcs
  2 ball pythons
  11 giant cockroaches
  28 goblins
  29 hobgoblins
  9 jackals
  21 kobolds
  10 quokkas
  16 bats
  5 frilled lizards
  A goblin skeleton (D:9)
  2 goblin zombies (D:9)
  A hobgoblin skeleton (D:9)
  4 hobgoblin zombies (D:9)
  A leopard gecko skeleton (D:2)
  5 orc skeletons (D:9)
  12 orc zombies (D:9)
  9 rats
  A spectral orc (D:7)
761 creatures vanquished.

Vanquished Creatures (collateral kills)
  An orc warlord (Orc:2)
  A fire dragon (Volcano)
  2 hydras
  2 two-headed ogres (Volcano)
  4 death yaks (Lair:4)
  An orc high priest (Orc:2)
  Nergalle (Orc:2)
  3 orc knights (Orc:2)
  A wizard (D:9)
  An elephant (Lair:4)
  9 yaks
  A fire bat (Volcano)
  2 basilisks
  6 orc warriors (Orc:2)
  6 centaurs (Orc:2)
  A crocodile (Lair:4)
  2 bullfrogs
  2 orc priests
  2 orc wizards (Orc:2)
  11 orcs
59 creatures vanquished.

Vanquished Creatures (others)
  A two-headed ogre (Volcano)
  A shambling mangrove (Swamp:1)
  A spiny frog (Swamp:1)
  3 wyverns (Volcano)
  An acid dragon (D:15)
  An orc warrior (Orc:2)
  A sky beast (D:11)
  A centaur (D:5)
  2 orcs (D:5)
  14 fungi
  41 plants
  10 withered plants (D:15)
77 creatures vanquished.

Grand Total: 897 creatures vanquished

Notes
Turn   | Place    | Note
-------+----------+-------------------------------------------
     0 | D:1      | tilp the Merfolk Ice Elementalist began the quest for the Orb.
     0 | D:1      | Reached XP level 1. HP: 13/13 MP: 3/3
   265 | D:1      | Reached XP level 2. HP: 19/19 MP: 5/5
   269 | D:1      | Learned a level 2 spell: Throw Frost
   888 | D:2      | Reached XP level 3. HP: 24/24 MP: 1/6
  1105 | D:2      | Reached skill level 5 in Ice Magic
  1183 | D:2      | Noticed Terence
  1204 | D:1      | Learned a level 3 spell: Ozocubu's Armour
  1384 | D:2      | Found a deep blue altar of Sif Muna.
  1384 | D:2      | Found a hide-covered altar of Uskayaw.
  1462 | D:2      | Reached XP level 4. HP: 28/30 MP: 7/7
  2111 | D:2      | Killed Terence
  2458 | D:3      | Found a faded altar of an unknown god.
  2577 | D:3      | Reached XP level 5. HP: 35/35 MP: 4/8
  2778 | D:3      | Noticed Feta's ghost (amateur OpFE)
  2787 | D:3      | Killed Feta's ghost
  3291 | D:3      | Found a stormy altar of Qazlal.
  3480 | D:4      | Reached XP level 6. HP: 37/41 MP: 9/9
  3879 | D:4      | Reached skill level 5 in Dodging
  3956 | D:4      | Reached XP level 7. HP: 23/46 MP: 1/10
  4172 | D:4      | Reached skill level 1 in Fighting
  4786 | D:5      | Entered Level 5 of the Dungeon
  5085 | D:5      | Noticed Pikel
  5150 | D:5      | Killed Pikel
  5150 | D:5      | Reached skill level 5 in Charms
  5150 | D:5      | Reached XP level 8. HP: 20/58 MP: 1/11
  5392 | D:5      | Found a staircase to the Ecumenical Temple.
  5426 | Temple   | Entered the Ecumenical Temple
  5656 | D:5      | Found a burning altar of Makhleb.
  5661 | D:5      | Became a worshipper of Makhleb the Destroyer
  6498 | D:6      | Got a jewelled flail
  6707 | D:6      | Reached XP level 9. HP: 62/63 MP: 12/12
  6834 | D:6      | Reached skill level 10 in Ice Magic
  6924 | D:6      | Reached * piety under Makhleb
  8757 | D:7      | Found a glowing golden altar of the Shining One.
  9044 | D:7      | Found Agaiba Bustru's Armour Boutique.
  9049 | D:7      | Bought the cursed +0 pair of boots "Liafy" {rF+ rN+} for 275 gold pieces
  9191 | D:7      | Got a faintly glowing long sword
  9227 | D:7      | Noticed Menkaure
  9251 | D:7      | Found a runed door.
  9253 | D:7      | Found a runed door.
  9260 | D:7      | Reached skill level 5 in Invocations
  9807 | D:7      | Killed Menkaure
  9960 | D:7      | Found a basalt altar of Yredelemnul.
 10340 | D:7      | Reached ** piety under Makhleb
 10384 | D:7      | Identified the cursed +3 flail "Goblin's Death" {venom, rElec rPois rC+ MR+} (You found it on level 6 of the Dungeon)
 10469 | D:8      | Noticed a two-headed ogre
 10506 | D:8      | Upgraded the game from 0.22-a0-398-g8bb545f to 0.22-a0-402-ga933591
 10627 | D:8      | Found a flagged portal.
 10638 | Bailey   | Entered a bailey
 11418 | Bailey   | Reached XP level 10. HP: 61/70 MP: 5/14
 12018 | Bailey   | Reached *** piety under Makhleb
 12195 | Bailey   | Reached skill level 1 in Conjurations
 12266 | Bailey   | Noticed an orc knight
 12266 | Bailey   | Noticed an orc warlord
 12607 | D:8      | Killed a two-headed ogre
 12717 | D:8      | Found Moba's Antique Armour Shoppe.
 12878 | D:8      | Found a shadowy altar of Dithmenos.
 13113 | D:8      | Found a shadowy altar of Dithmenos.
 13971 | D:9      | Reached **** piety under Makhleb
 14099 | D:9      | Found a staircase to the Orcish Mines.
 14844 | D:9      | Found a staircase to the Lair.
 14882 | D:9      | Reached XP level 11. HP: 75/75 MP: 13/17
 15667 | D:9      | Noticed a wizard
 15685 | D:9      | Killed a wizard
 15833 | D:7      | Bought a +2 buckler for 231 gold pieces
 15911 | D:10     | Entered Level 10 of the Dungeon
 16303 | Lair:1   | Entered Level 1 of the Lair of Beasts
 16748 | Lair:1   | Reached skill level 1 in Shields
 17708 | Lair:1   | Identified the +7 long sword of Valour {drain, +Blink Dex+3} (You found it on level 7 of the Dungeon)
 17791 | Lair:2   | Found a staircase to the Snake Pit.
 18018 | Lair:2   | Noticed a five-headed hydra
 18047 | Lair:2   | Killed a five-headed hydra
 18714 | Lair:2   | Reached skill level 5 in Fighting
 18727 | Lair:2   | HP: 5/121 [yak (9)]
 19355 | Lair:2   | Noticed an oklob plant
 19971 | Lair:3   | Reached skill level 5 in Spellcasting
 20186 | Lair:3   | Learned a level 4 spell: Throw Icicle
 20189 | Lair:3   | Learned a level 2 spell: Swiftness
 20355 | Lair:3   | Reached XP level 12. HP: 90/91 MP: 15/21
 20537 | Lair:3   | Reached skill level 2 in Polearms
 20582 | Lair:3   | Reached skill level 8 in Polearms
 20582 | Lair:3   | Reached XP level 13. HP: 98/98 MP: 22/22
 20583 | Lair:3   | Reached skill level 12 in Polearms
 20583 | Lair:3   | Reached XP level 14. HP: 105/105 MP: 23/23
 20584 | Lair:3   | Reached XP level 15. HP: 115/115 MP: 24/24
 20943 | Lair:4   | Got a brightly glowing scale mail
 21082 | Lair:4   | Found a staircase to the Swamp.
 21517 | Lair:5   | Reached skill level 13 in Polearms
 22567 | Lair:5   | Reached skill level 14 in Polearms
 23459 | Lair:5   | Reached skill level 15 in Polearms
 24158 | Lair:5   | Noticed Nessos
 24378 | Lair:5   | Found a staircase to the Slime Pits.
 24378 | Lair:5   | Found a viscous altar of Jiyva.
 25096 | D:10     | Noticed Joseph
 25110 | D:10     | Killed Joseph
 25401 | Orc:1    | Entered Level 1 of the Orcish Mines
 25415 | Orc:1    | Noticed Snorg
 25433 | D:9      | Reached skill level 16 in Polearms
 25557 | D:9      | Killed Snorg
 26290 | Orc:1    | Paralysed by an orc for 4 turns
 26479 | Orc:2    | Entered Level 2 of the Orcish Mines
 26520 | Orc:2    | Found a dark tunnel.
 26539 | Volcano  | Entered a volcano
 26569 | Volcano  | Reached skill level 10 in Fighting
 27439 | Volcano  | Reached skill level 17 in Polearms
 27439 | Volcano  | Reached XP level 16. HP: 124/124 MP: 25/25
 27443 | Orc:2    | Upgraded the game from 0.22-a0-402-ga933591 to 0.22-a0-406-g9ff8d77
 27496 | Orc:2    | Identified the +0 scale mail "Tixoan" {Str+2 Stlth+} (You found it on level 4 of the Lair of Beasts)
 28151 | Orc:1    | Noticed Nergalle
 28270 | Orc:2    | Killed Nergalle
 29096 | Orc:2    | Found a staircase to the Elven Halls.
 29174 | Orc:2    | Reached skill level 18 in Polearms
 30379 | Orc:2    | Found Pateovac's Gadget Emporium.
 30379 | Orc:2    | Found Esutaqyt's Book Boutique.
 30381 | Orc:2    | Found Fyeluigg's Assorted Antiques.
 30383 | Orc:2    | Found Jelucwao's Gadget Shoppe.
 31750 | D:12     | Noticed Harold
 31766 | D:12     | Killed Harold
 31766 | D:12     | Reached XP level 17. HP: 111/133 MP: 2/26
 32617 | D:12     | Reached skill level 19 in Polearms
 33890 | D:13     | Found a gate to the Vaults.
 34018 | D:13     | Found Cerro's Food Shop.
 34777 | D:14     | Identified a scroll of acquirement
 34779 | D:14     | Got a pair of faintly humming gloves
 34790 | D:14     | Identified the +1 pair of gloves of the Serpent {rPois Int+4 Dex+2 SInv} (You acquired it on level 14 of the Dungeon)
 35049 | D:14     | Found a white marble altar of Elyvilon.
 35280 | D:15     | Entered Level 15 of the Dungeon
 35314 | D:14     | Reached skill level 20 in Polearms
 35687 | D:15     | Found a shattered altar of Ashenzari.
 35793 | D:14     | Reached ***** piety under Makhleb
 36195 | D:15     | Noticed Josephine
 36224 | D:15     | Killed Josephine
 36287 | D:15     | Found a shattered altar of Ashenzari.
 36426 | D:15     | Found a staircase to the Depths.
 37022 | D:14     | Reached skill level 21 in Polearms
 38259 | Swamp:1  | Entered Level 1 of the Swamp
 39770 | Snake:1  | Entered Level 1 of the Snake Pit
 39776 | Lair:2   | Reached skill level 22 in Polearms
 40997 | Snake:1  | Found Jifaloc's Distillery.
 41003 | Snake:1  | Bought a potion of heal wounds for 55 gold pieces
 41003 | Snake:1  | Bought a potion of brilliance for 44 gold pieces
 41003 | Snake:1  | Bought a potion of heal wounds for 55 gold pieces
 41003 | Snake:1  | Bought a potion of heal wounds for 55 gold pieces
 41003 | Snake:1  | Bought a potion of mutation for 88 gold pieces
 41003 | Snake:1  | Bought a potion of agility for 44 gold pieces
 41003 | Snake:1  | Bought a potion of curing for 33 gold pieces
 41003 | Snake:1  | Bought a potion of might for 44 gold pieces
 41003 | Snake:1  | Bought a potion of brilliance for 44 gold pieces
 41003 | Snake:1  | Bought a potion of cancellation for 88 gold pieces
 41407 | Snake:1  | Noticed Aizul
 42236 | Snake:1  | Found a transporter.
 42245 | Snake:1  | Reached skill level 23 in Polearms
 42248 | Snake:1  | Found a radiant altar of Vehumet.
 42482 | Snake:1  | Noticed Azrael
 42515 | Snake:1  | Killed Azrael
 43301 | Snake:2  | HP: 5/133 [shock serpent/bolt of electricity (12)]
 43303 | Snake:2  | Killed from afar by a shock serpent

Vault maps used:
D:1:      dpeg_chamrin_arrival_tetris, minmay_misc_feat_x, serial_bayou_ford_a
D:2:      gammafunk_temple_overflow_wave, minmay_misc_feat_columns, uniq_terence
D:3:      minmay_door_path, nicolae_overflow_hidden_temple,
          chequers_ecumenical_altar_lobes, first_ration
D:4:      corexii_shantytown
D:5:      lightli_temple_of_fire, minmay_temple_entry_statues_pillars,
          uniq_pikel
D:6:      kennysheep_six_static_rooms, kennysheep_nub
D:7:      lemuel_insect_pit, yredelemnul_forgotten_temple_becter,
          old_standard_altar, serial_shops, shop, grunt_ogre_cave, uniq_menkaure
D:8:      enter_bailey_8, serial_shops, shop, basic_altar,
          grunt_dithmenos_shadows
D:9:      dpeg_oklobed_lair, zombieorc2_lemuel
D:10:     uniq_joseph
D:11:     roderic_serpentine_path, hangedman_decor_lopped
D:12:     uniq_harold
D:13:     david_vaults_1, serial_shops, shop, st_stairs_11
D:14:     elyvilon_altar_1
D:15:     gammafunk_depths_entry_grave, basic_altar, st_stairs_10,
          evilmike_ruin_ashenzari, uniq_josephine
Temple:   compressed_dpeg_circular_temple
Lair:1:   infiniplex_staircase_pool, grunt_megastairs_3
Lair:2:   dummy_snake_entry, minmay_lair_oklob_items, roderic_batcave
Lair:3:   grunt_megastairs_2
Lair:4:   swamp_mist, infiniplex_staircase_pool_2, lemuel_fruit_tree
Lair:5:   beast_lair_carwin_large_3, slime_altar_1, bobbens_ice_dragon_lair,
          uniq_nessos
Swamp:1:  evilmike_swamp_ruin_house_6, swamp_pool2
Snake:1:  gammafunk_sealed_library, minmay_shop_star, uniq_azrael, uniq_aizul
Orc:1:    minmay_orc_keep, uniq_snorg, uniq_nergalle
Orc:2:    st_orc_rangers, nicolae_volcano_entry_hallway
Bailey:   bailey_axe_minmay_hex_keep, bailey
Volcano:  pf_volcano_lost_world

Skill      XL: |  1  2  3  4  5  6  7  8  9 10 11 12 13 14 15 16 17 |
---------------+----------------------------------------------------+-----
Ice Magic      | 4 5 6 7 9 10 11 12 13 | 13.7
Dodging        | 3 6 7 9 11 12 | 12.7
Fighting       | 3 7 8 9 10 11 12 | 12.0
Charms         | 5 |  5.6
Invocations    | 6 |  6.0
Evocations     | 4 |  4.2
Conjurations   | 3 |  3.5
Spellcasting   | 4 6 |  6.1
Shields        | 4 |  4.0
Polearms       | 8 12 17 18 23 | 23.4
Stealth        | |  2.1

Action                   |  1- 3 |  4- 6 |  7- 9 | 10-12 | 13-15 | 16-18 || total
-------------------------+-------+-------+-------+-------+-------+-------++-------
Melee: Short sword       |    47 |   115 |   112 |       |       |       ||   274
       Whip              |       |       |   172 |   331 |       |       ||   503
       Flail             |       |       |    58 |   224 |       |       ||   282
       Long sword        |       |       |       |   119 |   410 |   827 ||  1356
       Tailslap          |       |       |       |       |     2 |       ||     2
       Demon trident     |       |       |       |       |       |   376 ||   376
       Bardiche          |       |       |       |       |       |   139 ||   139
Throw: Stone             |       |    21 |     1 |       |       |       ||    22
       Tomahawk          |       |       |     6 |    11 |     2 |     6 ||    25
 Cast: Freeze            |    36 |    22 |    69 |    88 |    32 |    14 ||   261
       Ozocubu's Armour  |     1 |     7 |    42 |    75 |    54 |   118 ||   297
       Throw Frost       |       |    10 |    30 |    56 |    41 |    11 ||   148
       Throw Icicle      |       |       |       |       |    17 |   153 ||   170
Invok: Lesser Servant of |       |       |       |    11 |    25 |    24 ||    60
Evoke: Wand              |       |       |     2 |       |       |       ||     2
  Use: Scroll            |       |     2 |    11 |     7 |     5 |    13 ||    38
       Potion            |       |       |     2 |    11 |     3 |     8 ||    24
 Stab: Sleeping          |     3 |     4 |     3 |     2 |    10 |     8 ||    30
       Distracted        |     1 |       |     2 |     1 |     2 |     2 ||     8
  Eat: Chunk             |     3 |     9 |    28 |    23 |    23 |    42 ||   128
       Ration            |       |       |     1 |     8 |     1 |    10 ||    20
Armor: Robe              |     8 |    21 |    75 |   176 |   152 |   336 ||   768
       Skin              |       |       |       |    13 |       |       ||    13
Dodge: Dodged            |    56 |    89 |   349 |   595 |   542 |  1462 ||  3093
Block: Buckler           |       |       |       |    55 |   260 |   575 ||   890
       Rpst.: Long sword |       |       |       |    34 |   140 |   251 ||   425

Table legend:
 A = Spawn XP
 B = Non-spawn XP
 C = Spawn XP percentage of total XP
 D = Spawn monster count
 E = Non-spawn monster count
 F = Spawn count percentage of total count
 G = Total turns spent on level
                    A         B        C        D         E        F      G
               +---------+---------+-------+---------+---------+-------+---------
         Total |       0 |  120831 |   0.0 |       0 |     826 |   0.0 | 43303
               +---------+---------+-------+---------+---------+-------+---------
           D:1 |       0 |      44 |   0.0 |       0 |      16 |   0.0 |  1040
           D:2 |       0 |      97 |   0.0 |       0 |      25 |   0.0 |  1211
           D:3 |       0 |     164 |   0.0 |       0 |      17 |   0.0 |  1116
           D:4 |       0 |     479 |   0.0 |       0 |      43 |   0.0 |  1419
           D:5 |       0 |    1330 |   0.0 |       0 |      20 |   0.0 |  2331
           D:6 |       0 |     923 |   0.0 |       0 |      30 |   0.0 |  1557
           D:7 |       0 |    1303 |   0.0 |       0 |      27 |   0.0 |  1799
           D:8 |       0 |    1697 |   0.0 |       0 |      26 |   0.0 |  1800
           D:9 |       0 |    4230 |   0.0 |       0 |      81 |   0.0 |  2569
          D:10 |       0 |    1742 |   0.0 |       0 |      19 |   0.0 |   818
          D:11 |       0 |    4270 |   0.0 |       0 |      53 |   0.0 |  1063
          D:12 |       0 |    5441 |   0.0 |       0 |      26 |   0.0 |  1183
          D:13 |       0 |    6790 |   0.0 |       0 |      27 |   0.0 |  1508
          D:14 |       0 |    8994 |   0.0 |       0 |      17 |   0.0 |  1867
          D:15 |       0 |   11778 |   0.0 |       0 |      25 |   0.0 |  1746
        Lair:1 |       0 |    1183 |   0.0 |       0 |      11 |   0.0 |  1451
        Lair:2 |       0 |    5467 |   0.0 |       0 |      23 |   0.0 |  2760
        Lair:3 |       0 |    5721 |   0.0 |       0 |      26 |   0.0 |  1640
        Lair:4 |       0 |    7943 |   0.0 |       0 |      22 |   0.0 |  2665
        Lair:5 |       0 |    6294 |   0.0 |       0 |      26 |   0.0 |  1691
       Swamp:1 |       0 |    4048 |   0.0 |       0 |      11 |   0.0 |   504
       Snake:1 |       0 |   15957 |   0.0 |       0 |      34 |   0.0 |  2153
       Snake:2 |       0 |    5127 |   0.0 |       0 |      11 |   0.0 |   563
         Orc:1 |       0 |    2372 |   0.0 |       0 |      31 |   0.0 |  1162
         Orc:2 |       0 |    9716 |   0.0 |       0 |      94 |   0.0 |  2879
        Bailey |       0 |    1434 |   0.0 |       0 |      61 |   0.0 |  1825
       Volcano |       0 |    6287 |   0.0 |       0 |      24 |   0.0 |   903
               +---------+---------+-------+---------+---------+-------+---------
